 Dungeon Crawl Stone Soup version 0.29.1-12-g30fa7ad0bf (webtiles) character file.

Game seed: 16647950176928973701

491 FexLirch the Magician (level 7, -5/75 HPs)
             Began as a Meteoran Earth Elementalist on Jan 3, 2023.
             Was an Initiate of Cheibriados.
             Slain by a purple ugly thing (8 damage)
             ... on level 6 of the Dungeon.
             The game lasted 00:09:14 (855 turns).

FexLirch the Magician (Meteoran Earth Elementalist)  Turns: 855, Time: 00:09:15

Health: -5/75      AC: 23    Str: 13    XL:     7   Next: 64%
Magic:  1/17       EV:  2    Int: 24    God:    Cheibriados [......]
Gold:   64         SH:  0    Dex: 13    Spells: 13/19 levels left

rFire   . . .      SeeInvis .   i - +9 hand axe "Wyvou" {vorpal, rElec}
rCold   . . .      Faith    .   (no shield)
rNeg    . . .      Spirit   .   (body armour currently unavailable)
rPois   +          Reflect  .   (helmet currently unavailable)
rElec   +          Harm     .   (cloak currently unavailable)
rCorr   .          Rampage  .   (gloves currently unavailable)
Will    .....      NoTele   +   (boots currently unavailable)
Stlth   +.........              (no amulet)
HPRegen 0.22/turn               (no ring)
MPRegen 0.15/turn               (no ring)

@: tree-form, mesmerised, glowing, very slow
A: stationary, stasis, torment immunity, boosted hp, sense surroundings 1,
otherworldly, glowing, explore regen, (antennae 1), (iridescent scales 1),
clever 1, strong 1
a: Renounce Religion


You were on level 6 of the Dungeon.
You worshipped Cheibriados.
Cheibriados was noncommittal.
You were a tree.
You visited 2 branches of the dungeon, and saw 7 of its levels.

You collected 183 gold pieces.
You spent 119 gold pieces at shops.

Inventory:

Hand Weapons
 e - a +0 dagger
 i - the +9 hand axe "Wyvou" (weapon) {vorpal, rElec}
   (You found it on level 4 of the Dungeon)

   It inflicts extra damage upon your enemies.
   rElec:     It insulates you from electricity.
Missiles
 c - 5 boomerangs (quivered)
Armour
 a - a +0 robe
 j - the +1 robe of the World (melded) {+Blink rElec}
   (You bought it in a shop on level 2 of the Dungeon)

   rElec:     It insulates you from electricity.
   +Blink:    It lets you blink.
 l - a +1 cloak (melded)
Jewellery
 n - a +6 ring of dexterity
Scrolls
 f - 2 scrolls of magic mapping {unknown}
 g - a scroll of identify {unknown}
 k - a scroll of immolation {unknown}
 o - a scroll of noise {unknown}
Potions
 b - 2 potions of magic
 h - a potion of lignification
 m - a potion of curing {unknown}


   Skills:
 - Level 2.4 Dodging
 - Level 1.4 Stealth
 + Level 6.5 Spellcasting
 - Level 4.0 Conjurations
 - Level 1.2 Transmutations
 - Level 6.0 Earth Magic


You had 13 spell levels left.
You knew the following spells:

 Your Spells              Type           Power      Damage    Failure   Level
a - Sandblast             Erth           72%        2d16      1%          1
b - Passwall              Tmut/Erth      20%        N/A       2%          2
c - Stone Arrow           Conj/Erth      62%        3d10      3%          3

Your spell library contained the following spells:

 Spells                   Type           Power      Damage    Failure   Level
 Petrify                  Tmut/Erth      25%        N/A       17%         4
 Spider Form              Tmut/Pois      10%        N/A       19%         3
 Confusing Touch          Hex            7%         N/A       22%         3
 Yara's Violent Unravell  Hex/Tmut       5%         3d4       86%         5
 Dragon Form              Tmut           6%         N/A       100%        7
 Enfeeble                 Hex            3%         N/A       100%        7
 Death's Door             Necr           3%         N/A       100%        9


Dungeon Overview and Level Annotations

Branches:
Dungeon (6/15) Zot: 4143   Temple (1/1) D:5 Zot: 867

Altars:
Cheibriados
Kikubaaqudgha

Shops:
D:2 [

Annotations:
D:3 3 runed translucent doors
D:6 Maggie


Innate Abilities, Weirdness & Mutations

You are a tree.
Your roots penetrate the ground, keeping you stationary.
You cannot be teleported.
You are immune to unholy pain and torment.
Your maximum health is greatly increased.
Your equipment is partially melded.
You passively map a small area around you.
You are easily found by Zot.
You glow in the dark.
You regain HP and MP as you explore.
((You have a pair of small antennae on your head.))
((You are partially covered in iridescent scales. (AC +2)))
Your mind is acute. (Int +4, Str/Dex -1)
Your muscles are strong. (Str +4, Int/Dex -1)


Message History

Maggie attempts to bespell you!
You are mesmerised by Maggie!
Okay, then.
Unknown command.
Okay, then.
Unknown command.
Casting: Stone Arrow (dangerous; 3% risk of failure)
Confirm with . or Enter, or press ? or * to list all spells.
Aiming: Sandblast (safe; 1% risk of failure)
Press: ? - help, Shift-Dir - straight line, f/p - Maggie
Aim: Maggie, wielding a +0 vorpal morningstar and wearing +0 acid dragon scales (severely wounded, mesmerising, 84% to hit)
The blast of sand hits Maggie.
Maggie is almost dead.
Maggie misses you.
Casting: Sandblast (safe; 1% risk of failure)
Confirm with . or Enter, or press ? or * to list all spells.
Aiming: Sandblast (safe; 1% risk of failure)
Press: ? - help, Shift-Dir - straight line, f/p - Maggie
Aim: Maggie, wielding a +0 vorpal morningstar and wearing +0 acid dragon scales (almost dead, mesmerising, 84% to hit)
The blast of sand hits Maggie but does no damage.
Maggie is almost dead.
An orc comes into view. It is wielding a +0 club.
Maggie completely misses you.
You cannot move away from Maggie!
Unknown command.
Unknown command.
It was a potion of lignification.
You turn into a tree.
Your +1 cloak melds into your body.
The +1 robe of the World {+Blink rElec} melds into your body.
Your roots penetrate the ground.
Maggie hits you but does no damage. The purple ugly thing claws you!
* * * LOW HITPOINT WARNING * * *
It was a potion of mutation.
You feel extremely strange.
Iridescent scales grow over part of your body.
You feel clever. A pair of antennae grows on your head!
You feel stronger.
Maggie points at you and mumbles some strange words.
The bolt of fire hits you!
* * * LOW HITPOINT WARNING * * *
The purple ugly thing claws you!
You die...

, * .##.* , .#.#
..#.# , ...#*,*
*, #..... #...#
# * ._..,....#
.# , *
,,...##...##.##*
, ,#..#........
, *
.##.##o@u......
.......♣#..# * *
*...........# *
.########.## #.#
, * #.# * ##.##
* #..<# * #...#
#......


You could see a purple ugly thing, Maggie (mesmerising) and an orc.

Vanquished Creatures
  Sigmund (D:3)
  2 ogres (D:5)
  A hound (D:5)
  3 orc wizards
  3 adders
  A dart slug (D:2)
  7 orcs
  2 endoplasms
  2 hobgoblins (D:2)
  A bat (D:2)
  A frilled lizard (D:1)
  2 goblins (D:1)
  2 kobolds
  4 rats
32 creatures vanquished.

Notes
Turn   | Place    | Note
-------+----------+-------------------------------------------
     0 | D:1      | FexLirch the Meteoran Earth Elementalist began the quest
                  | for the Orb.
     0 | D:1      | Reached XP level 1. HP: 14/14 MP: 5/5
    49 | D:1      | Reached XP level 2. HP: 20/20 MP: 4/6
    57 | D:1      | Learned a level 2 spell: Passwall
   100 | D:2      | Found Xiothian's Antique Armour Shoppe.
   126 | D:2      | Reached skill level 1 in Conjurations
   130 | D:2      | Reached XP level 3. HP: 26/26 MP: 2/8
   138 | D:2      | Learned a level 3 spell: Stone Arrow
   191 | D:3      | Found a runed translucent gate.
   191 | D:3      | Found a runed translucent gate.
   191 | D:3      | Found a runed translucent gate.
   245 | D:4      | Identified the +9 hand axe "Wyvou" {vorpal, rElec}
   313 | D:2      | Found a faded altar of an unknown god.
   419 | D:3      | Reached XP level 4. HP: 25/33 MP: 0/10
   438 | D:3      | Got Acairch's Compilation of Necrotic Variation
   441 | D:3      | Noticed Sigmund
   538 | D:2      | Bought an ichor-stained robe for 119 gold pieces
   538 | D:2      | Identified the +1 robe of the World {+Blink rElec} (You
                  | bought it in a shop on level 2 of the Dungeon)
   590 | D:3      | Killed Sigmund
   591 | D:3      | Reached skill level 5 in Earth Magic
   591 | D:3      | Reached XP level 5. HP: 6/38 MP: 0/13
   591 | D:3      | Reached XP level 6. HP: 7/45 MP: 0/14
   664 | D:5      | Entered Level 5 of the Dungeon
   664 | D:5      | Noticed an ogre
   668 | D:5      | Killed an ogre
   669 | D:5      | Reached skill level 5 in Spellcasting
   669 | D:5      | Reached XP level 7. HP: 50/50 MP: 5/15
   785 | D:5      | Found a staircase to the Ecumenical Temple.
   794 | Temple   | Entered the Ecumenical Temple
   806 | Temple   | Became a worshipper of Cheibriados the Contemplative
   843 | D:6      | Found an ancient bone altar of Kikubaaqudgha.
   846 | D:6      | Noticed Maggie
   849 | D:6      | Noticed a purple ugly thing
   855 | D:6      | Gained mutation: You are partially covered in iridescent
                  | scales. (AC +2) [potion of mutation]
   855 | D:6      | Gained mutation: Your mind is acute. (Int +4, Str/Dex -1)
                  | [potion of mutation]
   855 | D:6      | Gained mutation: You have a pair of small antennae on your
                  | head. [potion of mutation]
   855 | D:6      | Gained mutation: Your muscles are strong. (Str +4, Int/Dex
                  | -1) [potion of mutation]
   855 | D:6      | HP: 3/75 [Maggie/bolt of fire (9)]
   855 | D:6      | Slain by a purple ugly thing

Illustrated notes

Levels and vault maps discovered:
D:1:      mrwooster_arrival_arrow, layout_basic
D:2:      layout_basic, basic_ecumenical_altar, serial_shops,
          nicolae_diamond_shop
D:3:      layout_basic, gammafunk_ghost_icy, minivault_4, uniq_sigmund,
          uniq_robin, uniq_grinder
D:4:      minmay_bubble_buster, layout_basic,
          nicolae_ru_great_annihilating_truth,
          nzn_overflow_gifts_of_might_and_magic
D:5:      layout_cave_pools, nicolae_overflow_hallway_of_the_gods,
          minmay_temple_entry_junction, minmay_bent
D:6:      layout_loops_ring, mainiacjoe_overflow_small_starburst,
          minmay_misc_feat_tiny, chequers_serial_rivers_marsh,
          uniq_prince_ribbit1, uniq_maggie, uniq_eustachio
Temple:   minmay_temple_curvy_loop

Skill      XL: |  1  2  3  4  5  6  7 |
---------------+----------------------+-----
Spellcasting   | 3 4 5 6 |  6.5
Conjurations   | 1 3 4 |  4.0
Earth Magic    | 4 5 6 |  6.0
Dodging        | |  2.4
Stealth        | |  1.4
Transmutations | |  1.2

Action                   |  1- 3 |  4- 6 |  7- 9 || total
-------------------------+-------+-------+-------++-------
Melee: Hand axe          |       |     5 |     1 ||     6
Throw: Boomerang         |       |     1 |       ||     1
 Cast: Sandblast         |    18 |     4 |     3 ||    25
       Stone Arrow       |     6 |     7 |    17 ||    30
       Passwall          |     1 |       |       ||     1
  Use: Potion            |       |       |     2 ||     2
Armor: Robe              |       |     1 |       ||     1
       Skin              |       |       |     1 ||     1
Dodge: Dodged            |     2 |     4 |     2 ||     8
